BR (22 & UNDER)
AMITY GARDENS WESTERNERS @ PLYMOUTH COCKS
08/26/2030
 
TOP OF THE 1ST
Amity Gardens Westerners batting - Pitching for Plymouth Cocks : RHP Ji-e Tsu
Pitching: RHP Ji-e Tsu
Batting: RHB Júlio Castillo 0-0: Called Strike
0-1: Swinging Strike
0-2: Strikes out swinging
Batting: LHB Eddie Nealon 0-0: Ball
1-0: Ball
2-0: Called Strike
2-1: Foul Ball, location: 2F
2-2: Foul Ball, location: 2F
2-2: Ground out 5-3 (Groundball, 5)
Batting: RHB Millard Cummings 0-0: Foul Ball, location: 2F
0-1: Foul Ball, location: 2F
0-2: Foul Ball, location: 2F
0-2: Foul Ball, location: 2F
0-2: Ground out 6-3 (Groundball, 6)
Top of the 1st over - 0 runs, 0 hits, 0 errors, 0 left on base; Amity Gardens 0 - Plymouth 0
BOTTOM OF THE 1ST
Plymouth Cocks batting - Pitching for Amity Gardens Westerners : RHP Marcos Santos
Pitching: RHP Marcos Santos
Batting: LHB Yuan-zhang Ge 0-0: Ball
1-0: Called Strike
1-1: Ball
2-1: DOUBLE (Groundball, 5L)
Batting: SHB Juan Morales 0-0: Ball
1-0: Foul Ball, location: 2F
1-1: Foul Ball, location: 2F
1-2: Ball
2-2: Fly out, F8 (Flyball, 8RD)
Runner from 2nd tags up, SAFE at 3rd with throw
Batting: RHB Kevin Hawkins 0-0: Called Strike
0-1: Ball
1-1: Foul Ball, location: 2F
1-2: Ball
2-2: Foul Ball, location: 2F
2-2: Ball
3-2: Ground out 6-3 (Groundball, 6)
Yuan-zhang Ge scores
Batting: RHB Raúl Rivera 0-0: Ground out U3 (Groundball, 34S)
Bottom of the 1st over - 1 run, 1 hit, 0 errors, 0 left on base; Amity Gardens 0 - Plymouth 1
TOP OF THE 2ND
Amity Gardens Westerners batting - Pitching for Plymouth Cocks : RHP Ji-e Tsu
Batting: RHB Iván Ramón 0-0: Swinging Strike
0-1: Foul Ball, location: 2F
0-2: Ball
1-2: Ball
2-2: Strikes out swinging
Batting: LHB Alberto Paz 0-0: Ball
1-0: Ground out 6-3 (Groundball, 6)
Batting: SHB Howard Romero 0-0: Foul Ball, location: 2F
0-1: Called Strike
0-2: Strikes out swinging
Top of the 2nd over - 0 runs, 0 hits, 0 errors, 0 left on base; Amity Gardens 0 - Plymouth 1
BOTTOM OF THE 2ND
Plymouth Cocks batting - Pitching for Amity Gardens Westerners : RHP Marcos Santos
Batting: RHB Francisco Gonzáles 0-0: Foul Ball, location: 2F
0-1: DOUBLE (Flyball, 78D)
Batting: RHB Edgardo Hernández 0-0: Ball
1-0: Fly out, F8 (Flyball, 8RS)
Batting: LHB Armando Vázquez 0-0: Ball
Passed Ball!
Francisco Gonzáles to third
1-0: Swinging Strike
1-1: Foul Ball, location: 2F
1-2: SINGLE (Line Drive, 9S)
Francisco Gonzáles scores
Batting: RHB Gabriel González 0-0: Called Strike
0-1: Fly out, F9 (Flyball, 9LM)
Batting: SHB John Allen 0-0: Called Strike
0-1: Foul Ball, location: 2F
0-2: Ball
1-2: Ball
Pickoff Throw by Catcher to First - Out!
Bottom of the 2nd over - 1 run, 2 hits, 0 errors, 0 left on base; Amity Gardens 0 - Plymouth 2
TOP OF THE 3RD
Amity Gardens Westerners batting - Pitching for Plymouth Cocks : RHP Ji-e Tsu
Batting: RHB Alfredo Medina 0-0: Called Strike
0-1: Foul Ball, location: 2F
0-2: Strikes out looking
Batting: LHB Matt Turner 0-0: Called Strike
0-1: Ball
1-1: Ground out 5-3 (Groundball, 5S)
Batting: RHB Jorge García 0-0: Ball
1-0: Called Strike
1-1: Foul Ball, location: 2F
1-2: Ground out U3 (Groundball, 34)
Top of the 3rd over - 0 runs, 0 hits, 0 errors, 0 left on base; Amity Gardens 0 - Plymouth 2
BOTTOM OF THE 3RD
Plymouth Cocks batting - Pitching for Amity Gardens Westerners : RHP Marcos Santos
Batting: SHB John Allen 0-0: SINGLE (Groundball, 4MD)
Batting: LHB Yuan-zhang Ge 0-0: Called Strike
0-1: Ball
1-1: Ball
2-1: Ball
3-1: DOUBLE (Line Drive, 89D)
John Allen to third
Batting: SHB Juan Morales 0-0: Fly out, F8 (Flyball, 8LM)
Runner from 3rd tags up, SCORES, no throw
Batting: RHB Kevin Hawkins 0-0: Fly out, F9 (Flyball, 89M)
Batting: RHB Raúl Rivera 0-0: Ground out 6-3 (Groundball, 6)
Bottom of the 3rd over - 1 run, 2 hits, 0 errors, 1 left on base; Amity Gardens 0 - Plymouth 3
TOP OF THE 4TH
Amity Gardens Westerners batting - Pitching for Plymouth Cocks : RHP Ji-e Tsu
Batting: RHB Júlio Castillo 0-0: Ball
1-0: Called Strike
1-1: Foul Ball, location: 2F
1-2: Strikes out swinging
Batting: LHB Eddie Nealon 0-0: Ball
1-0: Foul Ball, location: 2F
1-1: Foul Ball, location: 2F
1-2: Ball
2-2: Ball
3-2: Foul Ball, location: 2F
3-2: Base on Balls
Batting: RHB Millard Cummings 0-0: Called Strike
0-1: Foul Ball, location: 2F
0-2: Ball
1-2: Reached on error, E5 (Groundball, 25)
Eddie Nealon to second
Batting: RHB Iván Ramón 0-0: Ball
1-0: Called Strike
1-1: Called Strike
1-2: Ball
2-2: Strikes out swinging
Batting: LHB Alberto Paz 0-0: Ball
1-0: DOUBLE (Line Drive, 89S)
Eddie Nealon scores
Millard Cummings to third
Batting: SHB Howard Romero 0-0: Foul Ball, location: 2F
0-1: Ball
1-1: Foul Ball, location: 2F
1-2: Strikes out swinging
Top of the 4th over - 1 run, 1 hit, 1 error, 2 left on base; Amity Gardens 1 - Plymouth 3
BOTTOM OF THE 4TH
Plymouth Cocks batting - Pitching for Amity Gardens Westerners : RHP Marcos Santos
Batting: RHB Francisco Gonzáles 0-0: Called Strike
0-1: Ball
1-1: Ball
2-1: Swinging Strike
2-2: Ball
3-2: Foul Ball, location: 2F
3-2: Strikes out swinging
Batting: RHB Edgardo Hernández 0-0: Ball
1-0: Fly out, F7 (Flyball, 7LS)
Batting: LHB Armando Vázquez 0-0: Called Strike
0-1: Ball
1-1: Ball
2-1: Ball
3-1: Called Strike
3-2: Base on Balls
Batting: RHB Gabriel González 0-0: Ball
1-0: Swinging Strike
1-1: Ball
2-1: Ball
3-1: Ground out 6-3 (Groundball, 6S)
Bottom of the 4th over - 0 runs, 0 hits, 0 errors, 1 left on base; Amity Gardens 1 - Plymouth 3
TOP OF THE 5TH
Amity Gardens Westerners batting - Pitching for Plymouth Cocks : RHP Ji-e Tsu
Batting: RHB Alfredo Medina 0-0: Ball
1-0: Ball
2-0: Called Strike
2-1: Ball
3-1: Base on Balls
Batting: LHB Matt Turner 0-0: Fly out, F7 (Flyball, 7D)
Batting: RHB Jorge García 0-0: Called Strike
0-1: Foul Ball, location: 2F
0-2: Ball
1-2: Strikes out looking
Batting: RHB Júlio Castillo 0-0: Fly out, F7 (Flyball, 7LMF)
Top of the 5th over - 0 runs, 0 hits, 0 errors, 1 left on base; Amity Gardens 1 - Plymouth 3
BOTTOM OF THE 5TH
Plymouth Cocks batting - Pitching for Amity Gardens Westerners : RHP Marcos Santos
Batting: SHB John Allen 0-0: Called Strike
0-1: Ground out 4-3 (Groundball, 4)
Batting: LHB Yuan-zhang Ge 0-0: Called Strike
0-1: Called Strike
0-2: Strikes out looking
Batting: SHB Juan Morales 0-0: Called Strike
0-1: Ball
1-1: Swinging Strike
1-2: SINGLE (Line Drive, 7S)
Batting: RHB Kevin Hawkins 0-0: Called Strike
0-1: Ball
1-1: Swinging Strike
1-2: Strikes out swinging
Bottom of the 5th over - 0 runs, 1 hit, 0 errors, 1 left on base; Amity Gardens 1 - Plymouth 3
TOP OF THE 6TH
Amity Gardens Westerners batting - Pitching for Plymouth Cocks : RHP Ji-e Tsu
Batting: LHB Eddie Nealon 0-0: Ball
1-0: Ball
2-0: Ball
3-0: Called Strike
3-1: Ground out 4-3 (Groundball, 4)
Batting: RHB Millard Cummings 0-0: Called Strike
0-1: Ground out 3-1 (Groundball, 34)
Batting: RHB Iván Ramón 0-0: SINGLE (Groundball, 56D)
Pitching: LHP Tom Dyal
Batting: LHB Alberto Paz 0-0: Called Strike
0-1: Ball
1-1: Ball
2-1: Fly out, F8 (Flyball, 8LD)
Top of the 6th over - 0 runs, 1 hit, 0 errors, 1 left on base; Amity Gardens 1 - Plymouth 3
BOTTOM OF THE 6TH
Plymouth Cocks batting - Pitching for Amity Gardens Westerners : RHP Marcos Santos
Batting: RHB Raúl Rivera 0-0: Called Strike
0-1: SINGLE (Flyball, 89M)
Batting: RHB Francisco Gonzáles 0-0: Called Strike
0-1: Ball
1-1: Foul Ball, location: 2F
1-2: Foul Ball, location: 2F
1-2: Fly out, F8 (Flyball, 8LM)
Pitching: RHP Willie Bates
Batting: RHB Edgardo Hernández 0-0: Grounds into double play, 5-4-3 (Groundball, 5)
Bottom of the 6th over - 0 runs, 1 hit, 0 errors, 0 left on base; Amity Gardens 1 - Plymouth 3
TOP OF THE 7TH
Amity Gardens Westerners batting - Pitching for Plymouth Cocks : LHP Tom Dyal
Pitching: RHP Carlos López
Batting: SHB Howard Romero 0-0: Foul Ball, location: 2F
0-1: Foul Ball, location: 2F
0-2: Ball
1-2: Strikes out swinging, 2-3 out at first.
Batting: RHB Alfredo Medina 0-0: Called Strike
0-1: Ball
1-1: Ball
2-1: Ball
3-1: Base on Balls
Pinch Runner at 1st Manny Olhoa:
Batting: LHB Matt Turner 0-0: Ball
Manny Olhoa is caught stealing 2nd base
1-0: Ball
2-0: Foul Ball, location: 2F
2-1: Called Strike
2-2: Strikes out swinging
Top of the 7th over - 0 runs, 0 hits, 0 errors, 0 left on base; Amity Gardens 1 - Plymouth 3
BOTTOM OF THE 7TH
Plymouth Cocks batting - Pitching for Amity Gardens Westerners : RHP Willie Bates
Batting: LHB Armando Vázquez 0-0: Ball
1-0: Called Strike
1-1: Ball
2-1: Called Strike
2-2: Strikes out swinging
Batting: RHB Gabriel González 0-0: Called Strike
0-1: Ball
1-1: Hit by Pitch
Batting: SHB John Allen 0-0: Fly out, F9 (Flyball, 89D)
Batting: LHB Yuan-zhang Ge 0-0: Called Strike
0-1: Ball
1-1: SINGLE (Line Drive, 6MD)
Gabriel González to second
Batting: SHB Juan Morales 0-0: Ground out 4-3 (Groundball, 34D)
Bottom of the 7th over - 0 runs, 1 hit, 0 errors, 2 left on base; Amity Gardens 1 - Plymouth 3
TOP OF THE 8TH
Amity Gardens Westerners batting - Pitching for Plymouth Cocks : RHP Carlos López
Batting: RHB Jorge García 0-0: Called Strike
0-1: Ball
1-1: Ball
2-1: Ball
3-1: Swinging Strike
3-2: Foul Ball, location: 2F
3-2: Strikes out swinging
Batting: RHB Júlio Castillo 0-0: SINGLE (Groundball, 6MD)
Batting: LHB Eddie Nealon 0-0: Called Strike
0-1: Swinging Strike
0-2: Ground out U3 (Groundball, 3)
Júlio Castillo to second
Batting: RHB Millard Cummings 0-0: Ball
1-0: Ball
2-0: Ball
3-0: Called Strike
3-1: Called Strike
3-2: Foul Ball, location: 2F
3-2: Base on Balls
Batting: RHB Iván Ramón 0-0: Ball
1-0: Called Strike
1-1: Fly out, F6 (Line Drive, 6)
Top of the 8th over - 0 runs, 1 hit, 0 errors, 2 left on base; Amity Gardens 1 - Plymouth 3
BOTTOM OF THE 8TH
Plymouth Cocks batting - Pitching for Amity Gardens Westerners : RHP Willie Bates
Batting: RHB Kevin Hawkins 0-0: Ball
1-0: Ball
2-0: Ball
3-0: Called Strike
3-1: Base on Balls
Batting: RHB Raúl Rivera 0-0: Called Strike
0-1: Ball
1-1: Swinging Strike
1-2: Foul Ball, location: 2F
1-2: Ball
2-2: Fly out, F5 (Line Drive, 5)
Batting: RHB Francisco Gonzáles 0-0: Ball
1-0: Called Strike
1-1: DOUBLE (Flyball, 89D)
Kevin Hawkins to third
Batting: RHB Edgardo Hernández 0-0: Intentional Walk
Batting: LHB Armando Vázquez 0-0: Ball
1-0: Foul Ball, location: 2F
1-1: Foul Ball, location: 2F
1-2: Foul Ball, location: 2F
1-2: Strikes out looking
Pinch Hitting: RHB Bob Sánchez 0-0: Ball
1-0: Ball
2-0: Fly out, F7 (Line Drive, 7D)
Bottom of the 8th over - 0 runs, 1 hit, 0 errors, 3 left on base; Amity Gardens 1 - Plymouth 3
TOP OF THE 9TH
Amity Gardens Westerners batting - Pitching for Plymouth Cocks : RHP Carlos López
Now at 1B: Ken Case
Batting: LHB Alberto Paz 0-0: Swinging Strike
0-1: Foul Ball, location: 2F
0-2: Ball
1-2: Strikes out swinging
Batting: SHB Howard Romero 0-0: Called Strike
0-1: Ball
1-1: Foul Ball, location: 2F
1-2: Ground out 3-1 (Groundball, 34S)
Batting: RHB Manny Olhoa 0-0: Ball
1-0: Foul Ball, location: 2F
1-1: Swinging Strike
1-2: Foul Ball, location: 2F
1-2: Ball
2-2: Ground out 4-3 (Groundball, 4)
Top of the 9th over - 0 runs, 0 hits, 0 errors, 0 left on base; Amity Gardens 1 - Plymouth 3
Saturday, April 7th, 2018 - OOTP Baseball 18.8 Build 76